 Dungeon Crawl Stone Soup version 0.25.0-9-g26727b6 (webtiles) character file.

Game seed: 3956024944265828949

228 Ousak the Chiller (level 5, -4/38 HPs)
             Began as a Draconian Ice Elementalist on June 17, 2020.
             Slain by a killer bee (7 damage)
             ... on level 3 of the Dungeon.
             The game lasted 00:04:16 (3180 turns).

Ousak the Chiller (Draconian Ice Elementalist)      Turns: 3180, Time: 00:04:16

Health: -4/38      AC:  5    Str: 10    XL:     5   Next: 71%
Magic:  8/11       EV: 12    Int: 17    God:
Gold:   117        SH:  0    Dex: 11    Spells: 9/13 levels left

rFire    . . .     SeeInvis .   l - +0 spear (vorpal)
rCold    . . .     Gourm    .   (no shield)
rNeg     . . .     Faith    .   (armour unavailable)
rPois    .         Spirit   .   (helmet restricted)
rElec    .         Reflect  .   (no cloak)
rCorr    .         Harm     .   (no gloves)
MR       .....                  (no boots)
Stlth    ++........             (no amulet)
HPRegen  0.12/turn              (no ring)
MPRegen  0.12/turn              (no ring)

@: lethally poisoned (-4 -> -25), frozen ramparts
A: unfitting armour, cold-blooded, AC +5
a: no special abilities


You were on level 3 of the Dungeon.
You were not hungry.

You visited 1 branch of the dungeon, and saw 3 of its levels.

You collected 117 gold pieces.

Inventory:

Hand Weapons
 l - a +0 vorpal spear (weapon)
Wands
 h - a wand of flame (14)
Scrolls
 a - a scroll of identify
 f - a scroll of amnesia
 g - a scroll of remove curse
 i - a scroll of blinking
 j - a scroll of teleportation {unknown}
Potions
 d - a potion of haste
 e - 4 potions of curing
 k - a potion of heal wounds
Comestibles
 b - 3 rations
 c - 2 chunks of flesh


   Skills:
 + Level 0.1 Fighting
 - Level 1.7 Dodging
 - Level 1.7 Stealth
 + Level 4.6 Spellcasting
 + Level 5.2 Ice Magic


You had 9 spell levels left.
You knew the following spells:

 Your Spells              Type           Power        Failure   Level  Hunger
a - Freeze                Ice            ###.         1%          1    None
b - Frozen Ramparts       Ice            ###...       4%          3    ###....

Your spell library contained the following spells:

 Spells                   Type           Power        Failure   Level  Hunger
 Ozocubu's Armour         Chrm/Ice       ##......     16%         3    ###....
 Hailstorm                Conj/Ice       ##......     45%         4    ####...
 Summon Ice Beast         Ice/Summ       ##......     45%         4    ####...


Dungeon Overview and Level Annotations

Branches:
Dungeon (3/15)

Altars:
Gozag


Innate Abilities, Weirdness & Mutations

Your plain brown scales are hard. (AC +5)
You cannot fit into any form of body armour.
You are cold-blooded and may be slowed by cold attacks.


Message History

An adder comes into view.
You feel sick. The killer bee misses you.
You feel sick. The killer bee closely misses you. The killer bee stings you. x2
Casting: Frozen Ramparts (dangerous; 4% risk of failure)
Confirm with . or Enter, or press ? or * to list all spells.
The walls around you are covered in ice.
The wall freezes the killer bee but do no damage.
The killer bee stings you!
* * * LOW HITPOINT WARNING * * *
You are lethally poisoned!
The killer bee poisons you!
The wall freezes the killer bee.
The killer bee closely misses you.
The wall freezes the killer bee.
The wall freezes the killer bee but do no damage.
The killer bee stings you but does no damage.
The wall freezes the killer bee.
The killer bee stings you.
* * * LOW HITPOINT WARNING * * *
You are more poisoned.
The killer bee poisons you! The killer bee stings you!
You die...

..#.......................
..........................
...................[......
..#.....................SS
..........................
..#................†......
..#..............y........
..##...........yyy........
..##............@###.###.=
..##.............# ..○ .
.. #.............# ...# .
#............... ....
#.########..##.. ..## #.
#..# ☼. # #..# # #.. #


You could see 4 killer bees.

Vanquished Creatures
  Terence (D:2)
  Natasha (thrice) (D:2)
  3 gnolls (D:2)
  3 adders
  2 worms (D:2)
  2 dart slugs
  3 leopard geckos
  3 orcs (D:3)
  7 bats
  2 giant cockroaches
  4 goblins
  9 hobgoblins
  2 jackals (D:1)
  A quokka (D:2)
  A ball python (D:3)
  5 frilled lizards
  5 kobolds
  5 rats
61 creatures vanquished.

Notes
Turn   | Place    | Note
-------+----------+-------------------------------------------
     0 | D:1      | Ousak the Draconian Ice Elementalist began the quest for
                  | the Orb.
     0 | D:1      | Reached XP level 1. HP: 14/14 MP: 3/3
   481 | D:1      | Reached XP level 2. HP: 11/20 MP: 0/5
  1290 | D:1      | Reached XP level 3. HP: 23/26 MP: 0/7
  1295 | D:1      | Learned a level 3 spell: Frozen Ramparts
  2140 | D:2      | Reached XP level 4. HP: 29/33 MP: 5/9
  2309 | D:2      | Noticed Terence
  2314 | D:2      | Killed Terence
  2451 | D:2      | Noticed Natasha
  2459 | D:2      | Killed Natasha
  2459 | D:2      | Reached skill level 5 in Ice Magic
  2459 | D:2      | Reached XP level 5. HP: 20/38 MP: 4/11
  2503 | D:2      | Noticed Natasha
  2509 | D:2      | Killed Natasha
  2612 | D:2      | Found an opulent altar of Gozag.
  2758 | D:2      | Noticed Natasha
  2765 | D:2      | Killed Natasha
  3180 | D:3      | Slain by a killer bee

Illustrated notes

Levels and vault maps discovered:
D:1:      lightli_iron_boxes, layout_loops_corners
D:2:      layout_loops_ring, grunt_gozag_breadcrumbs, first_ration,
          uniq_terence, uniq_natasha
D:3:      kennysheep_goblin_castle, layout_basic, grunt_qazlal_clouds,
          overflow_temple_1_default, grunt_ministairs_13

Skill      XL: |  1  2  3  4 |
---------------+-------------+-----
Spellcasting   | 3 4 |  4.6
Ice Magic      | 5 |  5.2
Fighting       | |  0.1
Dodging        | |  1.7
Stealth        | |  1.7

Action                   |  1- 3 |  4- 6 || total
-------------------------+-------+-------++-------
Melee: Unarmed           |    29 |     6 ||    35
       Tailslap          |     3 |     2 ||     5
       Spear             |       |    49 ||    49
 Cast: Freeze            |    50 |    10 ||    60
       Frozen Ramparts   |     3 |     7 ||    10
  Use: Scroll            |       |     7 ||     7
 Stab: Sleeping          |     1 |     1 ||     2
       Distracted        |       |     1 ||     1
  Eat: Chunk             |     4 |     4 ||     8
Armor: Skin              |    19 |    23 ||    42
Dodge: Dodged            |    47 |    48 ||    95
